 Dungeon Crawl Stone Soup version 0.30-a0-600-gb7c8574cbb (webtiles) character file.

Game seed: 3021545975141852129

65 Grim the Vexing (level 3, 0/20 HPs)
             Began as a Deep Elf Hexslinger on Jan 7, 2023.
             Slain by Jessica
             ... wielding a +0 club
              (4 damage)
             ... on level 1 of the Dungeon.
             The game lasted 00:03:59 (1263 turns).

Grim the Vexing (Deep Elf Hexslinger)               Turns: 1263, Time: 00:03:59

Health: 0/20       AC:  3    Str:  9    XL:     3   Next: 94%
Magic:  5/7        EV: 12    Int: 17    God:
Gold:   26         SH:  0    Dex: 15    Spells: 1/5 levels left

rFire   . . .      SeeInvis .    a - +1 sling
rCold   . . .      Faith    .    (no shield)
rNeg    . . .      Spirit   .    c - +0 robe
rPois   .          Reflect  .    (no helmet)
rElec   .          Harm     .    l - +0 cloak
rCorr   .          Rampage  .    (no gloves)
Will    .....                    (no boots)
Stlth   +                        (no amulet)
HPRegen 0.23/turn                (no ring)
MPRegen 0.10/turn                (no ring)

@: no status effects
A: no striking features
a: no special abilities


You were on level 1 of the Dungeon.
You visited 1 branch of the dungeon, and saw 2 of its levels.

You collected 26 gold pieces.

Inventory:

Hand Weapons
 a - a +1 sling (weapon)
Armour
 c - a +0 robe (worn)
 l - a +0 cloak (worn)
Scrolls
 b - a scroll of poison
 e - a scroll of teleportation {unknown}
 f - a scroll of vulnerability {unknown}
 h - a scroll of brand weapon {unknown}
 k - a scroll of enchant armour {unknown}
 m - a scroll of fog {unknown}
Potions
 d - a potion of berserk rage {unknown}
 g - 2 potions of curing {unknown}
 i - 2 potions of might {unknown}
 j - a potion of flight {unknown}


   Skills:
 - Level 0.7 Fighting
 + Level 4.4 Ranged Weapons
 - Level 2.4 Dodging
 - Level 1.5 Spellcasting
 + Level 5.3 Hexes


You had one spell level left.
You knew the following spells:

 Your Spells              Type           Power      Damage    Failure   Level
a - Slow                  Hex            76%        N/A       2%          1
b - Inner Flame           Hex/Fire       10%        N/A       21%         3

Your spell library contained the following spells:

 Spells                   Type           Power      Damage    Failure   Level
 Portal Projectile        Hex/Tloc       20%        N/A       21%         3
 Cause Fear               Hex            9%         N/A       22%         4
 Call Canine Familiar     Summ           1%         N/A       52%         3
 Leda's Liquefaction      Hex/Erth       5%         N/A       56%         4


Dungeon Overview and Level Annotations

Branches:
Dungeon (2/15)

Altars:

Annotations:
D:1 Jessica
D:2 Natasha


Message History

Jessica blinks!
There is a stone staircase leading up here.
Jessica is nearby!
Casting: Slow (safe; 2% risk of failure)
Confirm with . or Enter, or press ? or * to list all spells.
Aiming: Slow (safe; 2% risk of failure)
Press: ? - help, Shift-Dir - straight line, f - Jessica
Aim: Jessica, wielding a +0 club and wearing a +0 robe (chance to affect: 61%) Jessica resists with significant effort.
You shoot a sling bullet.
The sling bullet hits Jessica but does no damage.
You hear an angry hiss.
Natasha, Servant of Life and Death comes into view.
You shoot a sling bullet. The sling bullet hits Jessica.
Jessica is moderately wounded.
Jessica closely misses you.
There is a stone staircase leading up here.
Jessica hits you with a +0 club.
You climb upwards.
There is a stone staircase leading down here.
Casting: Slow (safe; 2% risk of failure)
Confirm with . or Enter, or press ? or * to list all spells.
Aiming: Slow (safe; 2% risk of failure)
Press: ? - help, Shift-Dir - straight line, f - Jessica
Aim: Jessica, wielding a +0 club and wearing a +0 robe (moderately wounded, chance to affect: 61%) Jessica resists with significant effort.
Jessica points at you and mumbles some strange words.
Pain shoots through your body!
* * * LOW HITPOINT WARNING * * *
Jessica hits you with a +0 club.
* * * LOW HITPOINT WARNING * * *
Jessica attacks as you move away! Jessica hits you with a +0 club.
* * * LOW HITPOINT WARNING * * *
Casting: Slow (safe; 2% risk of failure)
Confirm with . or Enter, or press ? or * to list all spells.
Aiming: Slow (safe; 2% risk of failure)
Press: ? - help, Shift-Dir - straight line, f/p - Jessica
Aim: Jessica, wielding a +0 club and wearing a +0 robe (moderately wounded, chance to affect: 61%) Jessica seems to slow down.
Jessica hits you with a +0 club.
You die...

..# #.................##.#
..# #........##.......##.#
..# #........##.......#..#
..### #........##.......'.##
..''###........##.....(.#####
..†...........###...........#
..............# ####.##.....#
[..)..........######.##.....#
###.#''.......'.@@..>##.....#
###.#.#.......#########.....#
....#.#.....### #.....#
#####.#.###.# #######
....#.#...#.# ###.#.###.#.#
#.#.......# #.#####.###
#.#####.#


You could see Jessica (slow).

Vanquished Creatures
  Natasha (D:2)
  A dart slug (D:1)
  4 ball pythons
  3 bats
  3 endoplasms (D:1)
  3 giant cockroaches
  4 hobgoblins (D:1)
  3 jackals (D:1)
  3 frilled lizards
  4 goblins
  2 kobolds
  7 rats
38 creatures vanquished.

Notes
Turn   | Place    | Note
-------+----------+-------------------------------------------
     0 | D:1      | Grim the Deep Elf Hexslinger began the quest for the Orb.
     0 | D:1      | Reached XP level 1. HP: 11/11 MP: 5/5
   147 | D:1      | Reached XP level 2. HP: 14/16 MP: 4/6
   793 | D:1      | Reached XP level 3. HP: 20/20 MP: 7/7
   816 | D:1      | Learned a level 3 spell: Inner Flame
   825 | D:2      | Noticed Jessica
   865 | D:2      | Noticed Natasha
   875 | D:2      | Killed Natasha
   876 | D:2      | Reached skill level 5 in Hexes
  1253 | D:2      | Noticed Natasha
  1263 | D:1      | Slain by Jessica

Illustrated notes

Levels and vault maps discovered:
D:1:      lightli_arrival_statuegarden, layout_basic
D:2:      layout_rooms, kennysheep_nondescript, uniq_jessica, uniq_natasha

Skill      XL: |  1  2  3 |
---------------+----------+-----
Ranged Weapons | 3 4 |  4.4
Hexes          | 5 |  5.3
Fighting       | |  0.7
Dodging        | |  2.4
Spellcasting   | |  1.5

Action                   || total
-------------------------++-------
 Fire: Sling             ||   110
 Cast: Slow              ||    25
Armor: Robe              ||     4
Dodge: Dodged            ||    28

Table legend: (Time is in decaauts)
 A = Elapsed time spent in this place.
 B = Non-inter-level travel time spent in this place.
 C = Inter-level travel time spent in this place.
 D = Time resting spent in this place.
 E = Time spent auto-exploring this place.
 F = Levels seen in this place.
 G = Mean time per level.
                   A        B        C        D        E       F      G
               +--------+--------+--------+--------+--------+-----+--------+
         Total |   1289 |   1217 |     72 |    314 |    561 |   2 |  644.5 |
       Dungeon |   1289 |   1217 |     72 |    314 |    561 |   2 |  644.5 |
               +--------+--------+--------+--------+--------+-----+--------+

Top non-repeatable levels by time:
     D:1: 1097 daAuts
     D:2: 191 daAuts
